[Event "*** Titled Tuesday Blitz"]
[Site "Chess.com"]
[Date "2020.12.01"]
[Round "7"]
[White "Luklei18"]
[Black "Semetey"]
[Result "0-1"]
[WhiteElo "2433"]
[BlackElo "2592"]
[TimeControl "180+1"]
[EndTime "11:14:25 PST"]
[Termination "Semetey won on time"]

1. c4 e5 2. Nc3 Nf6 3. Nf3 Nc6 4. e3 Bb4 5. Qc2 d6 6. Nd5 Bc5 7. a3 a5 8. b3 Nxd5 9. cxd5 Ne7 10. e4 f5 11. d3 O-O 12. Be2 Ng6 13. Bg5 Qe8 14. h4 fxe4 15. dxe4 Nf4 16. Bxf4 Rxf4 17. g3 Rf6 18. Rh2 h6 19. Ng1 Qg6 20. Bd3 Bg4 21. Ne2 Raf8 22. f4 Bxe2 23. Qxe2 Qxg3+ 24. Kd1 Rxf4 25. Rg2 Rf1+ 26. Kc2 Qxg2 0-1

[Event "*** Titled Tuesday Blitz"]
[Site "Chess.com"]
[Date "2020.12.01"]
[Round "7"]
[White "elohunter1999"]
[Black "javirec"]
[Result "1-0"]
[WhiteElo "2569"]
[BlackElo "2360"]
[TimeControl "180+1"]
[EndTime "11:14:29 PST"]
[Termination "elohunter1999 won by resignation"]

1. e4 e5 2. Nf3 Nc6 3. Bb5 a6 4. Ba4 Nf6 5. O-O Be7 6. Re1 b5 7. Bb3 d6 8. c3 O-O 9. h3 Na5 10. Bc2 c5 11. d4 Nd7 12. Nbd2 exd4 13. cxd4 Nc6 14. d5 Nce5 15. Nxe5 Nxe5 16. a4 Rb8 17. axb5 axb5 18. f4 Ng6 19. Nf3 Bh4 20. Rf1 Bg3 21.
f5 Ne5 22. Ng5 Qf6 23. Qh5 h6 24. Ra3 hxg5 25. Bxg5 g6 26. Bxf6 gxh5 27. Rxg3+ Kh7 28. Be7 Ba6 29. Bxd6 b4 30. Rf4 Rg8 31. Rxg8 Rxg8 32.
Bxe5 1-0

[Event "*** Titled Tuesday Blitz"]
[Site "Chess.com"]
[Date "2020.12.01"]
[Round "7"]
[White "Shield12"]
[Black "DrVelja"]
[Result "0-1"]
[WhiteElo "2918"]
[BlackElo "2807"]
[TimeControl "180+1"]
[EndTime "11:14:30 PST"]
[Termination "DrVelja won by resignation"]

1. e4 c5 2. Nf3 Nc6 3. Bb5 g6 4. Bxc6 bxc6 5. O-O Bg7 6. Re1 Qc7 7. c3 d6 8. h3 Nf6 9. d4 cxd4 10. cxd4 O-O 11.
Nc3 c5 12. dxc5 dxc5 13. e5 Rd8 14. Qa4 Nh5 15. Qh4 Bb7 16. Ne4 Bxe5 17. Nxe5 Qxe5 18.
Bg5 Rd4 19. Nc3 Qf5 20. f4 f6 21. Bh6 e5 22. g4 Qc2 23. Re2 Rd2 24. Rae1 Rxe2 25.
Rxe2 Qc1+ 26. Re1 Qd2 27. Ne2 Qd5 0-1

[Event "*** Titled Tuesday Blitz"]
[Site "Chess.com"]
[Date "2020.12.01"]
[Round "7"]
[White "nubair1198"]
[Black "Konavets"]
[Result "1-0"]
[WhiteElo "2832"]
[BlackElo "2995"]
[TimeControl "180+1"]
[EndTime "11:14:31 PST"]
[Termination "nubair1198 won by resignation"]

1. Nf3 g6 2. d4 Nf6 3. c4 Bg7 4. Nc3 d5 5. h4 c6 6. cxd5 cxd5 7. Bf4 Nc6 8. e3 O-O 9. Qb3 Na5 10. Qb4 Nc6 11. Qb3 Na5 12. Qb4 b6 13. Ne5 Bb7 14. Be2 Rc8 15. O-O Ne8 16. Rfc1 Nd6 17. Nb5 Nxb5 18.
Bxb5 e6 19. h5 Qh4 20. g3 Qxh5 21. Qe7 Qf5 22. g4 Qf6 23. Qxf6 Bxf6 24. Nd7 Be7 25. Nxf8 Kxf8 26. Rxc8+ Bxc8 27. Rc1 Bb7 28. Rc7 f6 29. Bh6+ Kf7 30. b4 1-0

[Event "*** Titled Tuesday Blitz"]
[Site "Chess.com"]
[Date "2020.12.01"]
[Round "7"]
[White "IMTominho"]
[Black "Malev212"]
[Result "1-0"]
[WhiteElo "2756"]
[BlackElo "2561"]
[TimeControl "180+1"]
[EndTime "11:14:32 PST"]
[Termination "IMTominho won by resignation"]

1. d4 d5 2. c4 e6 3. Nc3 Be7 4. Nf3 Nf6 5. Bf4 O-O 6. e3 Nbd7 7. Rc1 c6 8. h3 Ne4 9. a3 f5 10. Bh2 Nxc3 11. Rxc3 Nf6 12. Bd3 Ne4 13. Bxe4 fxe4 14.
Ne5 Bd7 15. O-O Be8 16. Qg4 Rf6 17. Bg3 h5 18. Qe2 g5 19. f4 Bf8 20. Rcc1 Bg7 21. Rf2 Rf5 22. Rcf1 h4 23. Bh2 gxf4 24. Rxf4 Bh5 25.
Qf2 Bxe5 26. dxe5 Rxf4 27. Qxf4 Qe7 28. Qh6 1-0

[Event "*** Titled Tuesday Blitz"]
[Site "Chess.com"]
[Date "2020.12.01"]
[Round "7"]
[White "DarZay"]
[Black "ljuks68"]
[Result "1-0"]
[WhiteElo "2174"]
[BlackElo "2373"]
[TimeControl "180+1"]
[EndTime "11:14:32 PST"]
[Termination "DarZay won by resignation"]

1. e4 e6 2. d4 d5 3. e5 c5 4. c3 Nc6 5. Nf3 Qb6 6. a3 f6 7.
b4 c4 8. Bf4 a5 9. Nbd2 axb4 10. axb4 Rxa1 11. Qxa1 g5 12. Be3 h6 13. Be2 f5 14. g3 Nge7 15. Bxc4 dxc4 16. Nxc4 Qc7 17. Nd6+ Kd7 18. Qa4 Nd5 19. b5 Nb8 20. c4 Nb6 21.
Qa2 Bxd6 22. exd6 Qxc4 23. Ne5+ 1-0

[Event "*** Titled Tuesday Blitz"]
[Site "Chess.com"]
[Date "2020.12.01"]
[Round "7"]
[White "MPGM"]
[Black "BillieKimbah"]
[Result "0-1"]
[WhiteElo "2661"]
[BlackElo "2856"]
[TimeControl "180+1"]
[EndTime "11:14:35 PST"]
[Termination "BillieKimbah won by resignation"]

1. d4 Nf6 2. c4 g6 3. Nc3 d5 4.
cxd5 Nxd5 5. e4 Nxc3 6. bxc3 Bg7 7. Bc4 O-O 8. Ne2 c5 9. O-O Nc6 10. Be3 Bg4 11. f3 Bd7 12. Rb1 Qc7 13. Qd2 Rfd8 14. Rfc1 Rac8 15. Bb5 Na5 16. Bxd7 Qxd7 17. d5 Nc4 18.
Qd3 b5 19. Bf2 Na3 20. Rb2 b4 21. Rd2 c4 22. Qe3 a5 23. Nd4 Bxd4 24. Rxd4 Nb5 25. cxb4 Nxd4 26. Qxd4 axb4 27. Rxc4 Qb5 28. Rxc8 Rxc8 29.
h4 Qe2 30. h5 Qxa2 31. h6 f6 32. d6 Qe6 33. dxe7 Qxe7 34. Qd5+ Qf7 35. Qb5 b3 36.
Kh2 Qc4 37. Qb7 Qc7+ 0-1

[Event "*** Titled Tuesday Blitz"]
[Site "Chess.com"]
[Date "2020.12.01"]
[Round "7"]
[White "BanjoKazooieN64"]
[Black "dhaessel"]
[Result "1-0"]
[WhiteElo "2371"]
[BlackElo "1862"]
[TimeControl "180+1"]
[EndTime "11:14:35 PST"]
[Termination "BanjoKazooieN64 won by resignation"]

1. e4 e5 2. Nf3 Nc6 3. Bc4 Nf6 4. Ng5 d5 5. exd5 Na5 6. Bb5+ c6 7. dxc6 bxc6 8. Qf3 Be7 9. Bd3 O-O 10. O-O Qc7 11.
Nc3 h6 12. Nge4 Nd5 13. Ng3 Nb4 14. Bf5 Bb7 15. a3 c5 16. Qg4 Nbc6 17. Nh5 g5 18. d3 Nd4 19. h4 f6 20. Ne4 Nxc2 21.
hxg5 hxg5 22. Nxg5 fxg5 23. Bxg5 Kf7 24. Bg6+ Kg8 25.
Bh6 Kh8 26. Bg7+ Kg8 27. Qe6+ 1-0

[Event "*** Titled Tuesday Blitz"]
[Site "Chess.com"]
[Date "2020.12.01"]
[Round "7"]
[White "esrosenberg"]
[Black "Kislov_Oleg"]
[Result "0-1"]
[WhiteElo "2215"]
[BlackElo "2364"]
[TimeControl "180+1"]
[EndTime "11:14:38 PST"]
[Termination "Kislov_Oleg won by checkmate"]

1. Nf3 d5 2. c4 e6 3. d4 Nf6 4. Nc3 Bb4 5. Bg5 h6 6. Bd2 O-O 7. e3 Nc6 8. Rc1 dxc4 9. Bxc4 Bd6 10. a3 e5 11. d5 Ne7 12. h3 e4 13. Nh2 Ng6 14. Ng4 Nh4 15. Nxf6+ Qxf6 16. Nxe4 Qg6 17. Nxd6 Qxg2 18. Ke2 cxd6 19. Kd3 Bf5+ 20. Kc3 b5 21. Be2 Qxd5 22. b4 Be6 23. Be1 Rfc8+ 24. Kb2 Qa2# 0-1

[Event "*** Titled Tuesday Blitz"]
[Site "Chess.com"]
[Date "2020.12.01"]
[Round "7"]
[White "chess94cu"]
[Black "Oglob71"]
[Result "1-0"]
[WhiteElo "2554"]
[BlackElo "2430"]
[TimeControl "180+1"]
[EndTime "11:14:39 PST"]
[Termination "chess94cu won by resignation"]

1. e4 c5 2. Nf3 d6 3. d4 cxd4 4.
Nxd4 Nf6 5. Nc3 Nc6 6. Be2 e5 7. Nf3 h6 8. O-O Be7 9. h3 O-O 10. Bc4 Na5 11. Bb3 Nxb3 12. axb3 Be6 13. Be3 a6 14.
Qd2 Rc8 15. Rfd1 Rxc3 16. Qxc3 Nxe4 17. Qb4 Nc5 18. Bxc5 dxc5 19. Qxb7 Qe8 20. Nxe5 Bf6 21. Nc4 Bc8 22. Qf3 Qe7 23. Re1 Qc7 24. Rad1 Bb7 25.
Qg3 Qxg3 26. fxg3 Bd4+ 27. Kh2 h5 28. c3 Bf6 29. h4 Bc8 30. Rd6 Bg4 31. Rxa6 Rb8 32.
Rb6 Rd8 33. Nd6 Ra8 34. Re8+ Rxe8 35. Nxe8 Be5 36. Nd6 f6 37. Nc4 Bc7 38. Rc6 Bd8 39. Rxc5 g5 40. hxg5 fxg5 41. Ne5 Be6 42. Nc6 Bf6 43. Nd4 Bg4 44. Nf3 h4 45. gxh4 gxh4 46. Rc4 Be6 47. Rc6 Kf7 48. Rxe6 Kxe6 49. b4 Kd5 50.
Kh3 Kc4 51. Nxh4 Kb3 52. b5 Kxb2 53. c4 Bd4 54. Nf5 Bc5 55. g4 Kc3 56. g5 Kxc4 57. g6 Kxb5 58. g7 1-0

[Event "*** Titled Tuesday Blitz"]
[Site "Chess.com"]
[Date "2020.12.01"]
[Round "7"]
[White "rasmussvane"]
[Black "Micki-taryan"]
[Result "1/2-1/2"]
[WhiteElo "2896"]
[BlackElo "3013"]
[TimeControl "180+1"]
[EndTime "11:14:45 PST"]
[Termination "Game drawn by repetition"]

1. Nf3 Nf6 2. g3 d5 3. Bg2 c6 4. O-O Bf5 5. c4 e6 6. Qb3 Qb6 7. d3 Nbd7 8. cxd5 exd5 9. Qc2 Be7 10. Nc3 O-O 11. e4 dxe4 12. dxe4 Bg6 13. Be3 Qa5 14. Nh4 Ng4 15. Nxg6 hxg6 16. Bd2 Qh5 17. h3 Nge5 18. Qd1 Rfd8 19. Qxh5 gxh5 20. Rad1 h4 21. gxh4 Bxh4 22. b3 Be7 23. f4 Bc5+ 24. Kh2 Nd3 25. e5 Bd4 26. Ne2 Bb6 27. Bc3 Nf8 28. Kg3 Rd7 29. Bf3 Rad8 30. Bg4 Rd5 31. Bf3 R5d7 32. Bg4 Rd5 33. Bf3 R5d7 1/2-1/2

[Event "*** Titled Tuesday Blitz"]
[Site "Chess.com"]
[Date "2020.12.01"]
[Round "7"]
[White "mr65"]
[Black "HajduIstvanCM"]
[Result "1-0"]
[WhiteElo "2182"]
[BlackElo "1756"]
[TimeControl "180+1"]
[EndTime "11:14:45 PST"]
[Termination "mr65 won on time"]

1. e4 Nc6 2. d4 e5 3. Nf3 exd4 4. c3 dxc3 5. Bc4 Nf6 6. e5 d5 7. Bb3 c2 8. Bxc2 Ne4 9. O-O Bg4 10. Nbd2 Nxd2 11.
Bxd2 Be7 12. Re1 O-O 13. h3 Bxf3 14. Qxf3 Nd4 15. Bxh7+ Kxh7 16. Qd3+ Kg8 17. Qxd4 c5 18. Qg4 Qc8 19. e6 f5 20. Qh5 Bf6 21. Rab1 Bd4 22.
Bc3 Bxc3 23. bxc3 Qe8 24. Qf3 Qc6 25. Rbd1 Rae8 26. Qxd5 Rf6 27. e7+ Qxd5 28. Rxd5 Kf7 29. Rxc5 1-0

[Event "*** Titled Tuesday Blitz"]
[Site "Chess.com"]
[Date "2020.12.01"]
[Round "7"]
[White "GMJustin"]
[Black "Kaslask"]
[Result "0-1"]
[WhiteElo "2296"]
[BlackElo "2335"]
[TimeControl "180+1"]
[EndTime "11:14:46 PST"]
[Termination "Kaslask won on time"]

1. d4 Nf6 2. c4 g6 3. Nc3 Bg7 4. e4 d6 5. Be2 O-O 6. Nf3 e5 7. O-O Nc6 8. d5 Ne7 9. Ne1 Ne8 10. Nd3 f5 11. f4 exf4 12. Bxf4 h6 13. exf5 Bxf5 14.
Qd2 g5 15. Be3 Ng6 16. Rae1 Qd7 17. Nb5 Ne5 18. Nxe5 Bxe5 19. Nd4 Ng7 20. Nxf5 Nxf5 21. Bg4 Qh7 22. Bxg5 hxg5 23. Qxg5+ Ng7 24. Rxf8+ Rxf8 0-1

[Event "*** Titled Tuesday Blitz"]
[Site "Chess.com"]
[Date "2020.12.01"]
[Round "7"]
[White "kirillshevchenko"]
[Black "mirciulica14"]
[Result "1-0"]
[WhiteElo "2857"]
[BlackElo "2597"]
[TimeControl "180+1"]
[EndTime "11:14:47 PST"]
[Termination "kirillshevchenko won by checkmate"]

1. e4 e5 2. d3 Nf6 3. f4 exf4 4. Bxf4 d5 5. e5 Nfd7 6. Nf3 c5 7. Nc3 Nc6 8. Be2 h6 9. O-O g5 10. e6 gxf4 11. exd7+ Qxd7 12. Qd2 Bg7 13. Qxf4 O-O 14. Rae1 b6 15. Kh1 Bb7 16. Nh4 Nd4 17. Bg4 Qc6 18. Re7 Rae8 19. Bd7 Rxe7 20. Bxc6 Bxc6 21. h3 Rfe8 22.
Nd1 Ne2 23. Qg4 Bd7 24. Qf3 Nd4 25. Qh5 Nxc2 26. Nc3 Ne3 27. Rf3 d4 28. Ne4 Kh7 29. Nf6+ Kh8 30. Qxf7 Rxf7 31. Ng6# 1-0

[Event "*** Titled Tuesday Blitz"]
[Site "Chess.com"]
[Date "2020.12.01"]
[Round "7"]
[White "ondoko"]
[Black "A-S-00"]
[Result "1-0"]
[WhiteElo "2129"]
[BlackElo "2303"]
[TimeControl "180+1"]
[EndTime "11:14:49 PST"]
[Termination "ondoko won by resignation"]

1. e4 e6 2. d4 d5 3. Nd2 dxe4 4. Nxe4 Nd7 5. Bd3 Ngf6 6. Qe2 Be7 7. Nf3 O-O 8. Bg5 h6 9. Bd2 c5 10. dxc5 Nxc5 11. Nxc5 Bxc5 12. O-O-O Qe7 13. Ne5 b6 14. g4 Bb7 15. Rhg1 Nd5 16. g5 h5 17. g6 f5 18.
Qxh5 Nf6 19. Qh4 Qc7 20. Bc3 Bd6 21. Nf7 Bf4+ 22. Kb1 Bh6 23. Bxf6 Rxf7 24. gxf7+ Qxf7 25. Qxh6 1-0

[Event "*** Titled Tuesday Blitz"]
[Site "Chess.com"]
[Date "2020.12.01"]
[Round "7"]
[White "GMStefanova"]
[Black "Lysiak_Poltorak"]
[Result "1-0"]
[WhiteElo "2544"]
[BlackElo "2370"]
[TimeControl "180+1"]
[EndTime "11:14:50 PST"]
[Termination "GMStefanova won by resignation"]

1. d4 Nf6 2. Nf3 g6 3. Nc3 d5 4. Bf4 Bg7 5. e3 O-O 6. h4 h5 7. Nb5 Na6 8. Be2 c6 9. Nc3 Nc7 10. Be5 Ng4 11. Bxg7 Kxg7 12. Ne5 f5 13. Qd2 e6 14. f3 Nxe5 15. dxe5 Nb5 16. Bxb5 cxb5 17. Nxb5 Qb6 18. a4 Bd7 19. Nd4 Qxb2 20. O-O Qb6 21. Rfb1 Qc7 22. f4 Rfe8 23. a5 Bc6 24. Qb4 Rac8 25. Ra3 Re7 26. Rc3 Qd7 27. a6 b6 28.
Nxc6 Ree8 29. Nd4 Rxc3 30. Qxc3 Rc8 31. Qb3 Kf7 32. Qb5 Qe7 33. Rb3 Qxh4 34. Qd7+ 1-0

[Event "*** Titled Tuesday Blitz"]
[Site "Chess.com"]
[Date "2020.12.01"]
[Round "7"]
[White "MartinMatthiesen"]
[Black "maxip32"]
[Result "1-0"]
[WhiteElo "2406"]
[BlackElo "2493"]
[TimeControl "180+1"]
[EndTime "11:14:51 PST"]
[Termination "MartinMatthiesen won by resignation"]

1. d4 d5 2. c4 e6 3. Nc3 Be7 4. Nf3 Nf6 5. Bf4 O-O 6. e3 c5 7.
dxc5 Bxc5 8. Qc2 Qa5 9. a3 Nc6 10. Rd1 dxc4 11. Bxc4 Be7 12. O-O a6 13. Ba2 b5 14.
Ng5 Bb7 15. Rd7 h6 16. Rxb7 hxg5 17. Bc7 Rab8 18. Bxa5 Rxb7 19. Bb4 Bxb4 20. axb4 Nxb4 21. Qe2 Nc6 22. Rc1 Ne5 23. Bb1 b4 24. Ne4 Nxe4 25.
Bxe4 Rd7 26. Qxa6 Rfd8 27. g3 g4 28. Qa5 Nf3+ 29. Bxf3 gxf3 30. h4 b3 31. Qb5 Rd3 32. Qc6 g6 33. Qxf3 Rd2 34. Qb7 Rxb2 35. Rc8 Rxc8 36.
Qxc8+ Kh7 37. Qc7 Kg8 38. Kg2 Rc2 39. Qb8+ 1-0

[Event "*** Titled Tuesday Blitz"]
[Site "Chess.com"]
[Date "2020.12.01"]
[Round "7"]
[White "MF1966Idrisov"]
[Black "cstevens1"]
[Result "1/2-1/2"]
[WhiteElo "2386"]
[BlackElo "2641"]
[TimeControl "180+1"]
[EndTime "11:14:51 PST"]
[Termination "Game drawn by repetition"]

1. Nf3 c5 2. b3 b6 3. Bb2 Bb7 4. c4 Nf6 5. g3 e6 6. Bg2 Be7 7.
O-O O-O 8. d4 cxd4 9. Nxd4 Bxg2 10. Kxg2 Qc7 11. Nc3 Qb7+ 12. Kg1 d6 13. Rc1 a6 14.
Qd2 Nbd7 15. Rfd1 Rac8 16. Nf3 Rfd8 17. h3 Nc5 18. Ba3 b5 19. cxb5 axb5 20. Bxc5 Rxc5 21. Nb1 Ne4 22. Qe3 d5 23. Nbd2 Nxd2 24. Qxd2 Rdc8 25.
Rxc5 Bxc5 26. e3 b4 27. Nd4 Bf8 28. Rc1 g6 29. Rc2 Rc5 30. Qc1 Qc7 31. Kg2 Be7 32. h4 h5 33. Kf3 Rxc2 34. Qxc2 Qxc2 35. Nxc2 Bc5 36. Ke2 e5 37. f3 f5 38. f4 e4 39.
Nd4 Bxd4 40. exd4 Kf7 41. Ke3 Ke6 42. Ke2 Kd6 43. Ke3 Kc6 44. Ke2 Kb5 45. Ke3 Ka5 46.
Ke2 Kb5 47. Ke3 Ka5 48. Ke2 Kb5 1/2-1/2

[Event "*** Titled Tuesday Blitz"]
[Site "Chess.com"]
[Date "2020.12.01"]
[Round "7"]
[White "GianmarcoVaR"]
[Black "kuban1991"]
[Result "0-1"]
[WhiteElo "2656"]
[BlackElo "2827"]
[TimeControl "180+1"]
[EndTime "11:14:52 PST"]
[Termination "kuban1991 won by resignation"]

1. d4 g6 2. g3 Bg7 3. Nf3 c5 4. dxc5 Na6 5. Bg2 Nxc5 6. O-O Nf6 7.
Be3 Nce4 8. Bd4 O-O 9. Nbd2 Nxd2 10. Qxd2 d6 11. Rfd1 Bd7 12. b3 Bc6 13. c4 a5 14.
Qb2 Qc8 15. a4 Ne8 16. Nh4 Qe6 17. Bd5 Qh3 18. Ng2 Bxd4 19. Qxd4 Nf6 20. Nf4 Qf5 21. Qe3 e5 22. Ng2 Bxd5 23. cxd5 Rac8 24. Nh4 Qe4 25. Qxe4 Nxe4 26. Rdc1 Nd2 27. Nf3 Nxb3 28. Rxc8 Rxc8 29.
Rb1 Rc1+ 30. Rxc1 Nxc1 31. Kf1 Nb3 32. Nd2 Nxd2+ 0-1

[Event "*** Titled Tuesday Blitz"]
[Site "Chess.com"]
[Date "2020.12.01"]
[Round "7"]
[White "mapleaff"]
[Black "FontVella8"]
[Result "1-0"]
[WhiteElo "2405"]
[BlackElo "2491"]
[TimeControl "180+1"]
[EndTime "11:14:52 PST"]
[Termination "mapleaff won by resignation"]

1. e4 e6 2. d4 d5 3. Bd3 Nf6 4.
e5 Nfd7 5. c3 c5 6. Ne2 Nc6 7. Nd2 Qb6 8. Nf3 cxd4 9. cxd4 Bb4+ 10. Kf1 Be7 11. g3 f6 12. exf6 Nxf6 13. Kg2 O-O 14.
Nf4 Bd6 15. Ng5 e5 16. Nxd5 Nxd5 17. Bxh7+ Kh8 18. Qh5 Nf6 19. Qh4 Qxd4 20. Be4+ Kg8 21. Be3 Qb4 22. Bd5+ Rf7 23. Bxf7+ Kf8 24. Qh8+ Ke7 25.
Qxg7 Kd8 26. Qxf6+ Kc7 27. Rhd1 Nd4 28. Rac1+ Kb6 29.
Bxd4+ 1-0

[Event "*** Titled Tuesday Blitz"]
[Site "Chess.com"]
[Date "2020.12.01"]
[Round "7"]
[White "Bwert2602"]
[Black "andrzej"]
[Result "1/2-1/2"]
[WhiteElo "2222"]
[BlackElo "2356"]
[TimeControl "180+1"]
[EndTime "11:14:55 PST"]
[Termination "Game drawn by repetition"]

1. e4 c5 2. Nf3 e6 3. Nc3 a6 4. a4 d6 5. g3 Nf6 6. Bg2 Be7 7. O-O O-O 8. b3 Nc6 9. Bb2 e5 10. h3 Nd4 11. Ne1 Bd7 12. a5 Bc6 13. d3 d5 14. exd5 Nxd5 15. Ne4 f5 16. Nd2 Bf6 17. Nc4 Re8 18. Nf3 Nxf3+ 19. Bxf3 e4 20.
dxe4 fxe4 21. Bh5 g6 22. Bg4 h5 23. Be2 Nc3 24. Bxc3 Bxc3 25. Qxd8 Raxd8 26. Rad1 Bd4 27. Ne3 Bd7 28. Kg2 Be6 29. Bc4 Kf7 30. Bxe6+ Kxe6 31. Nc4 Rf8 32. Rde1 Kd5 33. Nb6+ Ke5 34. Nc4+ Kd5 35. Nb6+ Ke5 36. Nc4+ Kd5 1/2-1/2

[Event "*** Titled Tuesday Blitz"]
[Site "Chess.com"]
[Date "2020.12.01"]
[Round "7"]
[White "Joel1285"]
[Black "Chamal_Gedgafov"]
[Result "0-1"]
[WhiteElo "1835"]
[BlackElo "2165"]
[TimeControl "180+1"]
[EndTime "11:14:57 PST"]
[Termination "Chamal_Gedgafov won on time"]

1. d4 Nf6 2. c4 e6 3. Nf3 b6 4. a3 Ba6 5. Nbd2 d5 6. e3 Be7 7. cxd5 Bxf1 8. Nxf1 exd5 9. Ng3 O-O 10. O-O c5 11. Nf5 c4 12. Nxe7+ Qxe7 13. b3 b5 14.
a4 cxb3 15. axb5 Qb7 16. Qxb3 Nbd7 17. Ba3 Rfb8 18. Rab1 a6 19. Bd6 Rc8 20. bxa6 Qxb3 21. Rxb3 Rxa6 22. Be5 h6 23. h3 Rc2 24. g4 Ne4 25.
Bg3 Raa2 26. Kg2 Ndf6 27. Rb8+ Kh7 28. Nh4 g6 0-1

[Event "*** Titled Tuesday Blitz"]
[Site "Chess.com"]
[Date "2020.12.01"]
[Round "7"]
[White "karinachess1"]
[Black "Keures"]
[Result "1-0"]
[WhiteElo "2493"]
[BlackElo "2256"]
[TimeControl "180+1"]
[EndTime "11:14:58 PST"]
[Termination "karinachess1 won by resignation"]

1. Nf3 Nf6 2. c4 e6 3. e3 c5 4. Qc2 b6 5. b3 Bb7 6. Bb2 Be7 7. Nc3 O-O 8. h4 Nc6 9. a3 d5 10. cxd5 exd5 11. Ng5 g6 12. Be2 h6 13. Ne6 Qd7 14.
Nxf8 Rxf8 15. h5 d4 16. Nd1 Ne5 17. d3 Bxg2 18. Rg1 Nf3+ 19. Bxf3 Bxf3 20. hxg6 fxg6 21. exd4 cxd4 22. Qc4+ Kg7 23. Qxd4 Bc5 24. Qxd7+ 1-0

[Event "*** Titled Tuesday Blitz"]
[Site "Chess.com"]
[Date "2020.12.01"]
[Round "7"]
[White "Homino"]
[Black "AlexSuv"]
[Result "0-1"]
[WhiteElo "2388"]
[BlackElo "2561"]
[TimeControl "180+1"]
[EndTime "11:15:00 PST"]
[Termination "AlexSuv won by resignation"]

1. e4 c5 2. Nf3 e6 3. Nc3 Nc6 4. d4 cxd4 5. Nxd4 Qc7 6. Be2 a6 7.
O-O Nf6 8. Re1 Bd6 9. g3 Nxd4 10. Qxd4 Be5 11. Qd3 b5 12. f4 Bxc3 13. bxc3 Bb7 14. Bf3 O-O 15. Bb2 d5 16. e5 Ne4 17. Qd4 Rac8 18. Re3 Qc4 19. Qb6 Qc5 20. Qxc5 Nxc5 21. Ba3 Rfd8 22. Bxc5 Rxc5 23. a4 Bc6 24. axb5 Bxb5 25.
Be2 Bxe2 26. Rxe2 a5 27. Ra3 Rb8 28. Kf2 h5 29. Ke3 Rb1 30. Kd4 Rc4+ 31. Kd3 a4 32.
Kd2 Kh7 33. Re1 Rxe1 34. Kxe1 Kg6 35. Ke2 Kf5 36. Kf3 g5 37. fxg5 Kxg5 38. Ra1 Rxc3+ 39. Kg2 Rxc2+ 40. Kh3 Rc4 41. Rf1 a3 42. Rxf7 Ra4 43.
Rf6 a2 44. Kg2 a1=Q 45. h4+ Kg4 46. Rg6+ Kf5 47. Rg5+ Ke4 0-1

[Event "*** Titled Tuesday Blitz"]
[Site "Chess.com"]
[Date "2020.12.01"]
[Round "7"]
[White "tomsishere"]
[Black "MarceloPlaya"]
[Result "0-1"]
[WhiteElo "2345"]
[BlackElo "2280"]
[TimeControl "180+1"]
[EndTime "11:15:00 PST"]
[Termination "MarceloPlaya won on time"]

1. Nf3 e6 2. b3 Nf6 3. Bb2 d5 4. e3 c5 5. d4 Nc6 6. a3 Be7 7. Bd3 O-O 8. O-O b6 9. Nbd2 a5 10. Qe2 a4 11. Bb5 Qc7 12. bxa4 cxd4 13. exd4 Bd7 14. Rac1 Na5 15. c4 dxc4 16. Nxc4 Nxc4 17.
Rxc4 Qb7 18. d5 Nxd5 19. Ne5 Bxb5 20. axb5 Bxa3 21. Ba1 Bc5 22. Nd3 Be7 23. Qh5 Bf6 24. Ne5 Bxe5 25. Bxe5 f6 26. Bd6 Rfc8 0-1

[Event "*** Titled Tuesday Blitz"]
[Site "Chess.com"]
[Date "2020.12.01"]
[Round "7"]
[White "Zorbos"]
[Black "PelinGorki"]
[Result "0-1"]
[WhiteElo "2510"]
[BlackElo "2425"]
[TimeControl "180+1"]
[EndTime "11:15:02 PST"]
[Termination "PelinGorki won by resignation"]

1. e4 d6 2. d4 Nf6 3. Nc3 c6 4. f3 Qb6 5. Bc4 e5 6. Nge2 Be7 7. Be3 O-O 8. Qd2 Qxb2 9. Rb1 Qa3 10. g4 Qa5 11. g5 Nh5 12. Ng3 Nf4 13. h4 Ng2+ 14. Kd1 Nxe3+ 15. Qxe3 b5 16. Bb3 Be6 17. d5 Bd7 18.
dxc6 Nxc6 19. Nd5 Rfd8 20. h5 Kf8 21. g6 h6 22. Nf5 Bg5 23. f4 exf4 24. Nxf4 Bxf5 25.
exf5 Re8 26. Qf2 Re4 27. Nd3 Rae8 28. Bd5 Re2 29. Qxe2 Rxe2 30. Kxe2 Qd2+ 0-1

[Event "*** Titled Tuesday Blitz"]
[Site "Chess.com"]
[Date "2020.12.01"]
[Round "7"]
[White "xamax2000"]
[Black "Onischuk_V"]
[Result "0-1"]
[WhiteElo "2656"]
[BlackElo "2848"]
[TimeControl "180+1"]
[EndTime "11:15:04 PST"]
[Termination "Onischuk_V won by resignation"]

1. e4 d6 2. d4 Nf6 3. Bd3 e5 4. c3 Nc6 5. Nf3 g6 6. h3 Bg7 7. O-O O-O 8. Re1 a5 9. Na3 Re8 10. Nc2 d5 11. exd5 Qxd5 12. c4 Qd6 13.
d5 e4 14. dxc6 exd3 15. Rxe8+ Nxe8 16. Ne3 bxc6 17. c5 Qxc5 18. Qxd3 Be6 19. Bd2 Bxb2 20. Rb1 Bg7 21. Rc1 Qb5 22. Qe4 Nd6 23. Qxc6 Qxc6 24.
Rxc6 Bxa2 25. Rxc7 a4 26. Bb4 Nb5 27. Rb7 Nd4 28.
Nd2 Be6 29. Ba3 Bf8 30. Ndc4 Rc8 31. Bxf8 Kxf8 32. Na3 Rc3 33. Nb1 Rb3 34. Rxb3 Bxb3 35. Kf1 Nb5 36. Nd2 Be6 37. Nc2 a3 0-1

[Event "*** Titled Tuesday Blitz"]
[Site "Chess.com"]
[Date "2020.12.01"]
[Round "7"]
[White "Zkid"]
[Black "GothamChess"]
[Result "1-0"]
[WhiteElo "2781"]
[BlackElo "2573"]
[TimeControl "180+1"]
[EndTime "11:15:04 PST"]
[Termination "Zkid won by resignation"]

1. e4 e6 2. d4 d5 3. Nc3 dxe4 4. Nxe4 Nf6 5. Bg5 Be7 6. Bxf6 gxf6 7. Nf3 a6 8. Bc4 f5 9. Nc3 b5 10. Bb3 c6 11.
Ne5 Bf6 12. Qh5 Ra7 13. O-O-O Rg8 14. f4 Re7 15. g4 fxg4 16. Nxg4 Bg7 17. Rhg1 Nd7 18.
f5 exf5 19. Rde1 Rf8 20. Nh6 Bxh6+ 21. Qxh6 Nb6 22. Qxc6+ Bd7 23. Qh6 Be6 24. Bxe6 fxe6 25. Rxe6 Qxd4 26. Rxe7+ Kxe7 27. Re1+ Kf7 28. Qxh7+ Kf6 29.
Qe7+ Kg6 30. Qxf8 1-0

[Event "*** Titled Tuesday Blitz"]
[Site "Chess.com"]
[Date "2020.12.01"]
[Round "7"]
[White "gochatoria98"]
[Black "DrMamaliga"]
[Result "0-1"]
[WhiteElo "2156"]
[BlackElo "2348"]
[TimeControl "180+1"]
[EndTime "11:15:07 PST"]
[Termination "DrMamaliga won on time"]

1. e4 e5 2. Nf3 Nc6 3. Bc4 Nf6 4.
d4 exd4 5. O-O Nxe4 6. Re1 d5 7. Bxd5 Qxd5 8. Nc3 Qd7 9. Nxe4 Be7 10. Bg5 O-O 11.
Bxe7 Nxe7 12. Qxd4 Nf5 13. Qc3 Re8 14. Rad1 Qb5 15. b3 Be6 16. a4 Qb6 17. Nc5 Rac8 18. a5 Qc6 19. Ne5 Qb5 20. Nxe6 Rxe6 21. Nf3 Rxe1+ 22.
Rxe1 Qd7 23. Qe5 Nd6 24. Rd1 f6 25. Qd5+ Qf7 26. h4 Re8 27. Qxf7+ Kxf7 28. g3 Re2 29. Rd2 Rxd2 30. Nxd2 Ke6 31. Kf1 Kd5 32. Ke2 Kc5 0-1

[Event "*** Titled Tuesday Blitz"]
[Site "Chess.com"]
[Date "2020.12.01"]
[Round "7"]
[White "SergeiAza"]
[Black "Rap_woyska"]
[Result "1-0"]
[WhiteElo "2840"]
[BlackElo "2495"]
[TimeControl "180+1"]
[EndTime "11:15:08 PST"]
[Termination "SergeiAza won by resignation"]

1. e4 e6 2. d4 d5 3. Nd2 Be7 4.
Ngf3 Nf6 5. e5 Nfd7 6. Bd3 c5 7.
c3 Nc6 8. O-O a5 9. Re1 cxd4 10.
cxd4 Qb6 11. a3 g5 12. h3 h5 13. Nf1 g4 14. hxg4 hxg4 15. N3h2 Nxd4 16. Nxg4 Nb3 17. Rb1 Nxc1 18. Rxc1 Nc5 19. Nf6+ Bxf6 20. exf6 Bd7 21. Ne3 Kf8 22. Ng4 Qd6 23. Rxc5 Qxc5 24. Ne5 Be8 25. Qg4 Rg8 26. Qh4 Ba4 27. Qxa4 Rg5 28. Nd7+ 1-0